 Dungeon Crawl Stone Soup version 0.30-a0-972-gf3ab3527aa (webtiles) character file.

Game seed: 12922444080853978287

142 pokeman the Magician (level 5, -7/29 HPs)
             Began as a Deep Elf Hedge Wizard on Mar 31, 2023.
             Killed by nerve-wracking pain
             ... invoked by Grinder
              (12 damage)
             ... on level 2 of the Dungeon.
             The game lasted 00:04:35 (2852 turns).

pokeman the Magician (Deep Elf Hedge Wizard)        Turns: 2852, Time: 00:04:36

Health: -7/29      AC:  3    Str:  7    XL:     5   Next: 4%
Magic:  11/15      EV: 13    Int: 21    God:
Gold:   92         SH:  0    Dex: 14    Spells: 8/16 levels left

rFire   . . .      SeeInvis .    s - +0 flail (protect)
rCold   . . .      Faith    .    (no shield)
rNeg    . . .      Spirit   .    b - +0 robe
rPois   .          Reflect  .    c - +0 hat
rElec   .          Rampage  .    (no cloak)
rCorr   .                        (no gloves)
Will    .....                    r - +0 pair of boots
Stlth   ++                       j - amulet of magic regeneration
HPRegen 0.24/turn                (no ring)
MPRegen 0.54/turn                (no ring)

@: on blink cooldown, very slightly contaminated
A: no striking features
a: no special abilities


You were on level 2 of the Dungeon.
You visited 1 branch of the dungeon, and saw 4 of its levels.

You collected 92 gold pieces.

Inventory:

Hand Weapons
 s - a +0 flail of protection (weapon)
Missiles
 k - 6 poisoned darts
Armour
 b - a +0 robe (worn)
 c - a +0 hat (worn)
 r - a +0 pair of boots (worn)
Jewellery
 j - an amulet of magic regeneration (around neck)
Scrolls
 f - a scroll of enchant armour {unknown}
 h - 2 scrolls of teleportation {unknown}
 i - a scroll of enchant weapon {unknown}
 l - a scroll of amnesia {unknown}
 n - a scroll of fear {unknown}
 o - 2 scrolls of identify {unknown}
Potions
 d - a potion of magic
 e - 3 potions of heal wounds {unknown}
 g - 2 potions of attraction {unknown}
 m - a potion of invisibility {unknown}
 p - a potion of flight {unknown}
 q - 2 potions of curing {unknown}


   Skills:
 - Level 1.0 Fighting
 - Level 1.0 Armour
 - Level 3.0 Dodging
 - Level 3.0 Stealth
 * Level 6.0 Spellcasting
 + Level 2.4 Conjurations
 - Level 1.1 Summonings
 - Level 1.1 Translocations
 + Level 0.2 Air Magic
 + Level 0.1 Poison Magic


You had 8 spell levels left.
You knew the following spells:

 Your Spells              Type           Power      Damage    Failure   Level
a - Magic Dart            Conj           64%        1d6       3%          1
b - Mephitic Cloud        Conj/Pois/Air  10%        N/A       21%         3
c - Call Imp              Summ           10%        N/A       10%         2
d - Blink                 Tloc           20%        N/A       10%         2

Your spell library contained the following spells:

 Spells                   Type           Power      Damage    Failure   Level
 Slow                     Hex            24%        N/A       10%         1
 Cigotuvi's Dreadful Rot  Necr/Pois/Air  12%        N/A       14%         2
 Olgreb's Toxic Radiance  Pois           6%         N/A       67%         4
 Alistair's Intoxication  Tmut/Pois      4%         N/A       95%         5
 Borgnjor's Vile Clutch   Necr/Erth      3%         N/A       95%         5
 Eringya's Noxious Bog    Tmut/Pois      3%         N/A       100%        6
 Ozocubu's Refrigeration  Ice            3%         4d8       100%        7
 Ignition                 Fire           3%         3d4       100%        8


Dungeon Overview and Level Annotations

Branches:
Dungeon (4/15)
 Temple: D:4-7

Altars:
Kikubaaqudgha
Yredelemnul

Annotations:
D:2 Grinder
D:3 2 transporters, Menkaure


Message History

Your shadow imp closely misses Grinder.
Grinder misses you.
Your shadow imp misses Grinder.
You closely miss Grinder.
Grinder is lightly wounded.
Grinder hits you.
You writhe in agony.
Your shadow imp closely misses Grinder.
Unknown command.
Casting: Call Imp (safe; 10% risk of failure)
Confirm with . or Enter, or press ? or * to list all spells.
You miscast Blink.
You are very lightly contaminated with residual magic.
Nothing appears to happen.
Grinder misses you.
Your shadow imp barely misses Grinder.
Casting: Blink (safe; 10% risk of failure)
Confirm with . or Enter, or press ? or * to list all spells.
Aiming: Magic Dart (safe; 3% risk of failure)
Press: ? - help, Shift-Dir - straight line, f - Grinder
Aim: Grinder (lightly wounded, ally target, 100% to hit)
The magic dart hits Grinder.
Grinder is lightly wounded.
Grinder barely misses you.
Your shadow imp hits Grinder.
Unknown command.
Casting: Magic Dart (safe; 3% risk of failure)
Confirm with . or Enter, or press ? or * to list all spells.
Aiming: Magic Dart (safe; 3% risk of failure)
Press: ? - help, Shift-Dir - straight line, f/p - Grinder
Aim: Grinder (lightly wounded, ally target, 100% to hit)
The magic dart hits Grinder.
Grinder is lightly wounded.
Grinder hits you.
* * * LOW HITPOINT WARNING * * *
You writhe in agony.
* * * LOW HITPOINT WARNING * * *
Your shadow imp hits Grinder but does no damage.
Unknown command.
Casting: Magic Dart (safe; 3% risk of failure)
Confirm with . or Enter, or press ? or * to list all spells.
You blink.
Grinder gestures at you. Pain shoots through your body!
You die...

### ..# #.# #.########
##### .........# #...#
#.######.#
############...### #.#
#.####.ยง)@............####
#.#
##>....55.#####............
#.#
#.......#....##........####
#.#
#.###.#.####.##..#...#.#
#.# #.# #.#.# #.##..#.#.#.#
#.# #.#
#.#.####.##...###..# #.#
#.# #.#..........#.#.###
..# #.#
#.######.###.##.####### ###
#.# #.# #.# #.#.........


You could see Grinder (ally target) and a friendly shadow imp (summoned).

Vanquished Creatures
  A scorpion (D:3)
  4 adders
  2 worms
  2 dart slugs
  3 ball pythons
  4 endoplasms
  A giant cockroach (D:2)
  3 goblins
  A hobgoblin (D:1)
  3 jackals (D:1)
  2 quokkas
  4 bats
  A frilled lizard (D:1)
  5 kobolds
  5 rats
41 creatures vanquished.

Vanquished Creatures (collateral kills)
  A dart slug (D:3)
1 creature vanquished.

Grand Total: 42 creatures vanquished

Notes
Turn   | Place    | Note
-------+----------+-------------------------------------------
     0 | D:1      | pokeman the Deep Elf Hedge Wizard began the quest for the
                  | Orb.
     0 | D:1      | Reached XP level 1. HP: 10/10 MP: 7/7
   328 | D:1      | Reached XP level 2. HP: 7/16 MP: 1/9
  1405 | D:2      | Reached skill level 5 in Spellcasting
  1454 | D:1      | Reached XP level 3. HP: 20/20 MP: 6/11
  1458 | D:1      | Learned a level 3 spell: Mephitic Cloud
  1461 | D:1      | Learned a level 2 spell: Call Imp
  1464 | D:1      | Learned a level 2 spell: Blink
  1700 | D:2      | You fall into a shaft and drop 2 floors!
  1751 | D:3      | Noticed a scorpion
  1759 | D:3      | Reached skill level 1 in Fighting
  1759 | D:3      | Reached skill level 1 in Armour
  1763 | D:3      | Killed a scorpion
  1764 | D:3      | Reached XP level 4. HP: 20/25 MP: 8/13
  2324 | D:3      | Found a transporter.
  2324 | D:3      | Found a basalt altar of Yredelemnul.
  2327 | D:3      | Noticed Menkaure
  2341 | D:3      | Found an ancient bone altar of Kikubaaqudgha.
  2378 | D:3      | Found a transporter.
  2507 | D:3      | Reached skill level 6 in Spellcasting
  2520 | D:3      | Reached XP level 5. HP: 22/29 MP: 11/15
  2646 | D:3      | Noticed Grinder
  2852 | D:2      | Killed from afar by Grinder

Illustrated notes

Levels and vault maps discovered:
D:1:      minmay_arrival_four_loops, layout_basic, nicolae_wormholes
D:2:      layout_loops_ring
D:3:      layout_basic, gammafunk_temple_of_torment, uniq_grinder
D:4:      layout_cave_pools, mainiacjoe_overflow_concentric_impassable,
          nicolae_overflow_hidden_temple, minmay_temple_entry_butterflies,
          gammafunk_ghost_mausoleum, minmay_starry_boxes

Skill      XL: |  1  2  3  4 |
---------------+-------------+-----
Spellcasting   | 5 6 |  6.0
Fighting       | 1 |  1.0
Armour         | 1 |  1.0
Conjurations   | 2 |  2.4
Stealth        | 3 |  3.0
Dodging        | 3 |  3.0
Summonings     | |  1.1
Translocations | |  1.1
Air Magic      | |  0.2
Poison Magic   | |  0.1

Action                     |  1- 3 |  4- 6 || total
---------------------------+-------+-------++-------
  Melee: Dagger            |    10 |     2 ||    12
         Flail             |       |     5 ||     5
  Throw: Dart              |     3 |       ||     3
   Cast: Magic Dart        |    95 |    33 ||   128
         Call Imp          |     1 |     2 ||     3
         Mephitic Cloud    |     1 |       ||     1
         Blink             |       |     2 ||     2
   Stab: Confused          |     1 |       ||     1
 Armour: Robe              |     5 |     2 ||     7
  Dodge: Dodged            |    16 |     9 ||    25

Table legend: (Time is in decaauts)
 A = Elapsed time spent in this place.
 B = Non-inter-level travel time spent in this place.
 C = Inter-level travel time spent in this place.
 D = Time resting spent in this place.
 E = Time spent auto-exploring this place.
 F = Levels seen in this place.
 G = Mean time per level.
                   A        B        C        D        E       F      G
               +--------+--------+--------+--------+--------+-----+--------+
         Total |   2854 |   2702 |    152 |    228 |   2014 |   4 |  713.5 |
       Dungeon |   2854 |   2702 |    152 |    228 |   2014 |   4 |  713.5 |
               +--------+--------+--------+--------+--------+-----+--------+

Top non-repeatable levels by time:
     D:1: 1466 daAuts
     D:2: 883 daAuts
     D:3: 480 daAuts
     D:4: 24 daAuts
